[Event "Late-Titled-Tuesday-Blitz-September-05-2023"]
[Site "Chess.com"]
[Date "2023.09.05"]
[Round "6"]
[White "jcmesafischer"]
[Black "ChEsper99"]
[Result "1/2-1/2"]
[WhiteElo "2429"]
[BlackElo "2175"]
[TimeControl "180+1"]
[EndTime "15:08:30 PDT"]
[Termination "Game drawn - insufficient material"]

1. Nf3 d5 2. g3 g6 3. Bg2 Bg7 4. O-O Nf6 5. d4 O-O 6. b3 Bf5 7. Bb2 c6 8. Nbd2 a5 9. h3 a4 10. g4 Be6 11. bxa4 Qa5 12. Nb3 Qxa4 13. Nc5 Qb5 14.
Nxe6 fxe6 15. Qc1 Ne4 16. e3 Nd7 17. Rb1 Qc4 18. a3 b5 19. Ba1 Nc3 20. Bxc3 Qxc3 21. Rb3 Qa5 22. c3 Nb6 23. Nd2 Nc4 24. Nxc4 bxc4 25.
Rb7 Rfe8 26. e4 Qxa3 27. Qg5 Ra7 28. Rxa7 Qxa7 29. exd5 exd5 30. Re1 Qd7 31. Qe3 e5 32. g5 e4 33. f3 c5 34. fxe4 cxd4 35. cxd4 dxe4 36. d5 Qxd5 37. Kh1 Bd4 38. Qe2 Qxg5 39. Qxc4+ Kg7 40. Qxd4+ Qf6 41. Qd7+ Re7 42. Qd5 e3 43. Qd3 Qf2 44. Qe2 Qxe2 45. Rxe2 Kf6 46. Kh2 h6 47. Kg3 g5 48. Kf3 h5 49. Kg3 Re5 50. Bf3 g4 51.
hxg4 hxg4 52. Bxg4 Kg5 53. Bf3 Rf5 54. Rxe3 Kf6 55.
Bg4 Re5 56. Rf3+ Kg5 57. Ra3 Rd5 58. Bf3 Rc5 59. Ra4 Kf6 60. Rh4 Ke5 61. Rh5+ Kd6 62.
Rh6+ Ke7 63. Kf4 Rc4+ 64. Be4 Rc7 65. Ke5 Rd7 66. Rh7+ Kd8 67. Rh8+ Ke7 68. Bd5 Rc7 69. Rh7+ Kd8 70. Rh6 Ke7 71. Re6+ Kd8 72. Bc6 Re7 73.
Kd6 Rxe6+ 74. Kxe6 1/2-1/2

[Event "Late-Titled-Tuesday-Blitz-September-05-2023"]
[Site "Chess.com"]
[Date "2023.09.05"]
[Round "6"]
[White "Firouzja2003"]
[Black "Durarbayli"]
[Result "1/2-1/2"]
[WhiteElo "3122"]
[BlackElo "2893"]
[TimeControl "180+1"]
[EndTime "15:08:31 PDT"]
[Termination "Game drawn - insufficient material"]

1. e4 c5 2. Nf3 d6 3. d4 cxd4 4. Nxd4 Nf6 5. Nc3 Nc6 6. Bg5 Qb6 7. Nb3 e6 8. Qd2 a6 9. O-O-O Be7 10. f3 O-O 11. h4 Rd8 12. Kb1 Qc7 13. g4 b5 14. Be3 d5 15. exd5 b4 16. Ne4 Nxd5 17. Bd3 Ne5 18. Bf4 Nxf3 19. Bxc7 Nxd2+ 20. Rxd2 Nxc7 21. g5 Bb7 22. Rf2 Nd5 23. Na5 Rd7 24. h5 Rf8 25.
Nxb7 Rxb7 26. Bxa6 Rc7 27. Rhf1 Ne3 28. Re1 Rd8 29.
Bd3 Nf5 30. g6 hxg6 31. hxg6 fxg6 32. Rg2 Kf7 33. Reg1 Nh4 34. Rf2+ Nf5 35. Rfg2 Nh4 36. Ng5+ Bxg5 37. Rxg5 Kf6 38. R5g4 g5 39. Rxb4 Rd5 40. Rf1+ Nf5 41. a4 g6 42. b3 Rh7 43. Rb5 g4 44. Rb4 Kg5 45. Rg1 Rh4 46. Re4 e5 47.
b4 g3 48. a5 Rxe4 49. Bxe4 Rd4 50. Bxf5 Rxb4+ 51. Ka2 gxf5 52. Rxg3+ Kf6 53. a6 Rb8 54. Rb3 Ra8 55. Rb6+ Kg5 56. Kb3 f4 57. Kc4 f3 58.
Kd3 Rf8 59. Rb1 Kf4 60. a7 Rd8+ 61. Kc3 Ra8 62. Kd3 Rxa7 63. Rb4+ Kg3 64. Rb8 Kf2 65.
Ke4 Ke2 66. c4 Ra2 67. Kxe5 f2 68. Rf8 f1=Q 69. Rxf1 Kxf1 70. c5 Ke2 71. c6 Kd3 72. c7 Ra8 73. Kd6 Kc4 74. Kd7 Kc5 75.
c8=Q+ Rxc8 76. Kxc8 1/2-1/2

[Event "Late-Titled-Tuesday-Blitz-September-05-2023"]
[Site "Chess.com"]
[Date "2023.09.05"]
[Round "6"]
[White "Chessbard1972"]
[Black "GMForgacs"]
[Result "0-1"]
[WhiteElo "2489"]
[BlackElo "2407"]
[TimeControl "180+1"]
[EndTime "15:08:34 PDT"]
[Termination "GMForgacs won by checkmate"]

1. e4 e5 2. Nf3 Nc6 3. Bc4 Nf6 4. Ng5 d5 5. exd5 Na5 6. Bb5+ c6 7. dxc6 bxc6 8. Bd3 Nd5 9. Ne4 Nf4 10. Bf1 f5 11.
Nec3 Bc5 12. g3 Ne6 13. Bg2 O-O 14.
O-O f4 15. Ne4 Bb6 16. Nbc3 Ng5 17. Nxg5 Qxg5 18. Ne4 Qg6 19. d3 Bg4 20. Bf3 Bh3 21. Re1 fxg3 22. hxg3 Rf7 23. Bg2 Bg4 24. Qd2 Raf8 25.
Rf1 h6 26. b4 Nb7 27. Bb2 Bf3 28. Bxf3 Rxf3 29. Kg2 Qf5 30. c4 Nd8 31. c5 Bc7 32. Rae1 Ne6 33. Re3 Qg4 34. Rxf3 Qxf3+ 35. Kg1 Rf5 36.
Qd1 Qxd1 37. Rxd1 Nd4 38. Bxd4 exd4 39. Re1 Rf3 40. Rd1 g5 41. Kg2 g4 42. a4 Kf7 43. b5 cxb5 44. axb5 Ke6 45. Ra1 Bb8 46. Ra6+ Kd5 47. b6 axb6 48. Rxb6 Be5 49. Rxh6 Rxd3 50. Nf6+ Bxf6 51. Rxf6 Kxc5 52. Rf4 Rd1 53. Rxg4 d3 54. Rg8 d2 55. Rd8 Kc4 56. g4 Kc3 57. g5 Ra1 58. f4 Ra4 59. Kf3 Rd4 60. Rc8+ Kd3 61. g6 d1=Q+ 62.
Kg3 Qg1+ 63. Kh4 Rxf4+ 64. Kh5 Qg4+ 65. Kh6 Qh4+ 66. Kg7 Qe7+ 67. Kg8 Qe6+ 68. Kg7 Qxc8 69. Kh7 Qd7+ 70. g7 Rf7 71. Kh8 Qh3+ 72. Kg8 Rxg7+ 73. Kxg7 Qe6 74. Kh7 Qf6 75. Kg8 Qe7 76. Kh8 Ke4 77.
Kg8 Kf5 78. Kh8 Kg6 79. Kg8 Qg7# 0-1

[Event "Late-Titled-Tuesday-Blitz-September-05-2023"]
[Site "Chess.com"]
[Date "2023.09.05"]
[Round "6"]
[White "Aradhya2000"]
[Black "arminmusovic"]
[Result "1-0"]
[WhiteElo "2724"]
[BlackElo "2532"]
[TimeControl "180+1"]
[EndTime "15:08:40 PDT"]
[Termination "Aradhya2000 won by resignation"]

1. d4 d5 2. c4 c5 3. cxd5 Nf6 4. dxc5 e6 5. d6 Qa5+ 6. Nc3 Qxc5 7. Bf4 e5 8. Bg5 Bxd6 9. Bxf6 gxf6 10. a3 Be7 11.
Rc1 Nc6 12. Nd5 Qa5+ 13. Qd2 Qxd2+ 14. Kxd2 Bd8 15. e3 Rg8 16. Ne2 Be6 17. Nec3 a6 18. g3 Na5 19. Kc2 Rc8 20. Bg2 Nc4 21. a4 Kf8 22. b3 Nd6 23. Kb2 Rg6 24. Rhd1 Ba5 25. Ne2 Rd8 26. Nec3 Rc8 27. b4 Bd8 28. Bf1 Bg4 29. Rd2 Bf3 30. Be2 Bxe2 31. Rxe2 f5 32.
Rec2 e4 33. Ne2 Rxc2+ 34. Rxc2 b5 35. axb5 axb5 36. Nd4 Kg7 37. Nxf5+ Nxf5 38. Rc8 Bf6+ 39. Kb3 Nd6 40. Rc6 Nc4 41. Rc5 Ne5 42. Nf4 Rh6 43.
h4 Ng4 44. Rf5 Ba1 45. Rg5+ Kf8 46. Rxg4 Rc6 47. Nd5 f5 48. Rf4 Bg7 49. Rxf5+ Ke8 50. Rf4 Rc1 51. Rxe4+ Kd7 52. Re7+ Kd6 53. Rxg7 Kxd5 54.
Rxh7 Rb1+ 55. Kc3 Rf1 56. Rh5+ Kc6 57. Rc5+ Kb6 58. Rf5 Kc6 59. h5 Rc1+ 60. Kb2 Rc4 61. Kb3 Rc1 62. h6 Rb1+ 63. Kc3 Rh1 64. Rf6+ Kd5 65. g4 Ke5 66. Rf5+ Ke4 67. Rh5 Rc1+ 68.
Kd2 Rb1 69. Rf5 Rb2+ 70. Kc3 Rb1 71. f3+ Kxe3 72. h7 Rc1+ 73. Kb2 Rh1 74. Rh5 Rf1 75. h8=Q Rf2+ 76. Kb3 Rxf3 77. Qc3+ Kf4 78. Rf5+ Kxg4 79. Qxf3+ 1-0

[Event "Late-Titled-Tuesday-Blitz-September-05-2023"]
[Site "Chess.com"]
[Date "2023.09.05"]
[Round "6"]
[White "NovikovaGalina"]
[Black "ketster"]
[Result "0-1"]
[WhiteElo "2403"]
[BlackElo "2534"]
[TimeControl "180+1"]
[EndTime "15:08:40 PDT"]
[Termination "ketster won by checkmate"]

1. e4 e5 2. Nf3 Nf6 3. Nxe5 Nxe4 4. d4 d6 5. Nf3 d5 6. Bd3 Bg4 7. O-O Be7 8. c4 c6 9. Nc3 Nxc3 10. bxc3 O-O 11.
c5 b5 12. a4 bxa4 13. Rxa4 Qc8 14. Re1 Bf6 15. Bf4 Nd7 16. h3 Bh5 17. Bf5 Re8 18. Rxe8+ Qxe8 19. Bg4 Bg6 20. Qa1 h5 21. Bxd7 Qxd7 22.
Be5 Bd8 23. Bd6 f6 24. Ra6 Bd3 25. Ra2 Be7 26. Bf4 a6 27. Qd1 Bc4 28. Ra1 Re8 29.
Nd2 Bb5 30. Qxh5 Bd8 31. Be3 a5 32. Qf3 a4 33. h4 Ba5 34. Ra3 Qe6 35. h5 Kh7 36. h6 gxh6 37. Qh5 f5 38. Nf3 Qg6 39. Qh4 Bd8 40. Qf4 Re4 41. Qb8 Bf6 42. Qc7+ Bg7 43. Ne5 Qe6 44. Ra1 f4 45. Bd2 Kh8 46. Qb8+ Kh7 47.
Qc7 Kh8 48. Nf7+ Kg8 49. Nd6 Re2 50. Bxf4 Rb2 51. Qd8+ Kh7 52. Qh4 Qg6 53. Bg3 Bd3 54. Re1 Rb1 55. Rxb1 Bxb1 56. Qd8 a3 57. Qa8 a2 58. c4 dxc4 59. Nxc4 Bxd4 60. Qa7+ Qg7 61. Qa3 a1=Q 62. Qxa1 Bxa1 63. Bd6 Bd4 64. Nd2 Bf5 65.
Nf3 Be6 66. Bc7 Bd5 67. Nh4 Bf6 68. Bg3 Bxh4 69. Bxh4 Qxg2# 0-1

[Event "Late-Titled-Tuesday-Blitz-September-05-2023"]
[Site "Chess.com"]
[Date "2023.09.05"]
[Round "6"]
[White "jup1978"]
[Black "kingofthenil"]
[Result "0-1"]
[WhiteElo "2541"]
[BlackElo "2766"]
[TimeControl "180+1"]
[EndTime "15:08:43 PDT"]
[Termination "kingofthenil won by resignation"]

1. d4 Nf6 2. Nf3 g6 3. g3 Bg7 4.
Bg2 O-O 5. O-O c5 6. Nc3 cxd4 7. Nxd4 d5 8. Nb3 e6 9. e4 dxe4 10. Nxe4 Nxe4 11. Bxe4 Qe7 12. Qe2 Rd8 13. c3 Na6 14.
Be3 Nc7 15. Bc5 Qe8 16. Rad1 Nd5 17. Bxd5 exd5 18. Qxe8+ Rxe8 19. Rxd5 Bh3 20. Rfd1 Bg4 21. Rf1 Re2 22. Rd2 Rae8 23. Be3 Rxd2 24. Nxd2 a5 25. Kg2 a4 26. a3 Rd8 27. Re1 h5 28. h3 Bf5 29. Nf3 Be4 30. Bg5 Re8 31. Re3 f6 32.
Bf4 g5 33. Bd6 g4 34. hxg4 hxg4 35. Rxe4 Rxe4 36. Nd4 Kf7 37. Bf4 Kg6 38. Kf1 f5 39. Be3 Bxd4 40. cxd4 Kf6 41. Ke2 Ke6 42. Kd3 Kd5 43.
Kc3 f4 44. Bxf4 Rxd4 45. Be3 Rc4+ 46. Kd3 b5 47. Bf4 b4 48. axb4 Rxb4 49. Kc3 Rb3+ 50. Kc2 Ke4 51. Bd6 Kf3 52. Bc5 Rb5 53. Be3 Re5 54.
Bd4 Re2+ 55. Kc3 Rxf2 56. Kb4 Rd2 57. Bc3 Rd7 58. Kxa4 Kxg3 59. Be5+ Kf3 60. b4 Rd5 61. Bc7 Rd7 62. Be5 Re7 63. Bd6 Re6 64. Bc7 g3 65.
b5 g2 66. Bh2 Re1 67. b6 Rh1 68. b7 Rb1 69. b8=Q Rxb8 70. Bxb8 g1=Q 71. Ba7 Qd1+ 72.
Kb5 Ke4 73. Ka6 Qd5 74. Bb6 Kd3 75. Ba5 Kc4 76. Bb6 Qc6 77. Ka7 Kb5 78. Kb8 Qxb6+ 79.
Ka8 Qd6 80. Ka7 Qe7+ 81. Ka8 Kb6 82. Kb8 Qd6+ 0-1

[Event "Late-Titled-Tuesday-Blitz-September-05-2023"]
[Site "Chess.com"]
[Date "2023.09.05"]
[Round "6"]
[White "ninguno46"]
[Black "Dr_crypt"]
[Result "1-0"]
[WhiteElo "2609"]
[BlackElo "2385"]
[TimeControl "180+1"]
[EndTime "15:08:48 PDT"]
[Termination "ninguno46 won on time"]

1. c4 e6 2. Nf3 d5 3. e3 a6 4.
b3 Nf6 5. Bb2 Be7 6. Qc2 O-O 7. g4 c5 8. g5 Nfd7 9. h4 Nc6 10. a3 Re8 11. Bd3 Nf8 12. Nc3 d4 13. Ne4 e5 14. Ng3 Bg4 15. Be4 Qd7 16. Bxc6 Qxc6 17.
Nxe5 Qc8 18. Nxg4 Qxg4 19. Qf5 Qxf5 20. Nxf5 Ne6 21. O-O-O Rad8 22. Rhe1 Bf8 23. exd4 cxd4 24. d3 g6 25. Ng3 h6 26. Ne4 Bg7 27. Kc2 h5 28. b4 Kf8 29. a4 Ke7 30. b5 Kd7 31. Ba3 axb5 32. axb5 Ra8 33. Kb3 b6 34. Bb4 Nf4 35.
Rh1 Be5 36. c5 bxc5 37. Nxc5+ Kc7 38. Bd2 Kb6 39. Nd7+ Kxb5 40. Nxe5 Rxe5 41. Bxf4 Re2 42. Rd2 Rae8 43. Rb1 Rxd2 44. Bxd2 Re2 45. Be1 Kc5 46.
Rc1+ Kd5 47. f3 Re3 48. Kc2 Rxf3 49. Kd2 Rh3 50. Ke2 Rh2+ 51. Bf2 Ke5 52. Kf3 Rh3+ 53. Ke2 Kf4 54. Rc4 Rh2 55. Rxd4+ Kf5 56. Re4 f6 57. gxf6 Kxf6 58. Kf3 g5 59. hxg5+ Kxg5 60. Re5+ Kg6 61.
d4 Rh3+ 62. Kg2 Rd3 63. d5 Rd2 64. Kf3 Rd3+ 65. Be3 h4 66. Ke4 Rd1 67. Rg5+ Kf6 68.
Rg2 h3 69. Rh2 Rh1 70. Rxh1 1-0

[Event "Late-Titled-Tuesday-Blitz-September-05-2023"]
[Site "Chess.com"]
[Date "2023.09.05"]
[Round "6"]
[White "Sinquefield"]
[Black "PepeCuenca"]
[Result "0-1"]
[WhiteElo "2464"]
[BlackElo "2666"]
[TimeControl "180+1"]
[EndTime "15:08:48 PDT"]
[Termination "PepeCuenca won by checkmate"]

1. d4 d6 2. Nf3 Nf6 3. Bg5 Nbd7 4. Nbd2 e5 5. e3 Be7 6. Bd3 O-O 7. c3 h6 8. Bh4 Re8 9. e4 c6 10. O-O Qc7 11.
Re1 Nf8 12. Bg3 Ng6 13. c4 Nh5 14. Nf1 Nhf4 15. Rc1 c5 16. dxe5 dxe5 17. Ne3 Be6 18. Nd5 Bxd5 19. exd5 Bd6 20. Bb1 a6 21. Nd2 b5 22. b3 b4 23. Qc2 Nf8 24. Bxf4 exf4 25. Ne4 Be5 26. Rcd1 Rad8 27. Nd2 Bd4 28. Nf3 Bc3 29.
Rxe8 Rxe8 30. h3 Qd6 31. a3 a5 32. axb4 axb4 33. Nh4 g6 34. Nf3 Nd7 35. Qa2 Nf6 36.
Qa7 Re7 37. Qa8+ Kg7 38. Qc8 Rc7 39. Qb8 Nd7 40. Qd8 Bf6 41. Qe8 Rb7 42. Re1 Rb8 43.
Qe4 Ra8 44. h4 h5 45. Ng5 Qe5 46. Nf3 Qxe4 47. Bxe4 Ra2 48. d6 Ra6 49. Rd1 Kf8 50. Bb7 Rb6 51. Bc8 Ke8 52. g3 fxg3 53. fxg3 Kd8 54.
Bxd7 Kxd7 55. Rd5 Rxd6 56. Rxc5 Rd3 57. Rd5+ Rxd5 58. cxd5 Kd6 59. Kf2 Kxd5 60. Ke3 Be7 61. Kd3 Bd6 62. Ng5 Bxg3 63. Nxf7 Bxh4 64. Nh8 g5 65.
Ng6 Bg3 66. Ke3 Bd6 67. Nh8 Ke6 68. Ke4 Kf6 69. Kd5 h4 70. Kxd6 h3 71. Kd7 h2 72.
Ke8 h1=Q 73. Nf7 Qa8+ 74. Nd8 g4 75. Kd7 Qxd8+ 76. Kxd8 g3 77. Kc7 g2 78. Kb6 g1=Q+ 79.
Ka5 Qd4 80. Ka4 Qc3 81. Kb5 Qxb3 82. Kc5 Qc3+ 83. Kb5 b3 84. Ka4 b2 85. Kb5 b1=Q+ 86. Ka6 Qca1# 0-1

[Event "Late-Titled-Tuesday-Blitz-September-05-2023"]
[Site "Chess.com"]
[Date "2023.09.05"]
[Round "6"]
[White "GM_dmitrij"]
[Black "Hikaru"]
[Result "1/2-1/2"]
[WhiteElo "3041"]
[BlackElo "3249"]
[TimeControl "180+1"]
[EndTime "15:09:02 PDT"]
[Termination "Game drawn by repetition"]

1. e4 a6 2. d4 b5 3. Bd3 Bb7 4.
Nf3 e6 5. O-O c5 6. c3 d6 7. a4 bxa4 8. Qxa4+ Bc6 9. Qc2 Nf6 10.
Bg5 Be7 11. Nbd2 h6 12. Bxf6 Bxf6 13. dxc5 dxc5 14. e5 Be7 15. Be4 O-O 16. Nc4 Qc7 17. Rfd1 Ra7 18. h3 Bb5 19. Nd6 Bd7 20. Qe2 Rd8 21.
Bc2 Bc6 22. Qd3 g6 23. Ba4 Bxa4 24. Rxa4 Nc6 25. Rxa6 Rxa6 26. Qxa6 Nxe5 27. Nxe5 Bxd6 28. Qe2 Bxe5 29. Rxd8+ Qxd8 30. Qxe5 c4 31. Qe4 Qd1+ 32. Kh2 Qd3 33. Qf4 Qe2 34. Kg3 g5 35. Qd4 Kh7 36.
Qf6 Qh5 37. Kh2 Qg6 38. Qd4 Qd3 39. Qf6 Qd7 40. g3 Qb7 41. h4 gxh4 42. Qxh4 Qxb2 43. Qe4+ Kg8 44. Qg4+ Kf8 45. Qd4 Qe2 46. Kg2 Kg8 47. Qd8+ Kh7 48. Qd4 Kg6 49. Qf4 h5 50. Qb8 Qe4+ 51.
Kh2 Qe2 52. Qg8+ Kf6 53. Qh8+ Ke7 54. Kg1 Qe1+ 55. Kg2 Qe4+ 56. Kg1 Qf3 57. Qd4 Qd5 58. Qh8 Qf5 59. Qd4 Qb1+ 60. Kh2 Qb5 61. Qh4+ f6 62. Qd4 Kf7 63. Qe4 Qd5 64. Qh7+ Ke8 65. Qh8+ Kd7 66. Qxf6 Kc6 67. Qf4 Kb5 68. Qc1 Qd3 69. Qb2+ Kc6 70.
Kg2 Qe4+ 71. Kh2 Qf3 72. Qd2 e5 73. Kg1 Qd3 74. Qe1 e4 75. Qc1 Kb5 76. Qb2+ Kc6 77.
Qb4 e3 78. fxe3 Qxe3+ 79. Kg2 Qe2+ 80. Kh3 Qg4+ 81. Kg2 h4 82. Qa4+ Kd6 83. Qa6+ Ke7 84. Qb7+ Kf6 85. Qc6+ Kg7 86. Qc7+ Kh6 87. Qd6+ Kh5 88.
Qe5+ Kg6 89. Qe8+ Kg7 90. Qe7+ Kg6 91. Qe8+ Kg7 92. Qe7+ Kg6 93. Qe8+ 1/2-1/2

[Event "Late-Titled-Tuesday-Blitz-September-05-2023"]
[Site "Chess.com"]
[Date "2023.09.05"]
[Round "6"]
[White "The_Machine04"]
[Black "Taran2004"]
[Result "1-0"]
[WhiteElo "2611"]
[BlackElo "2402"]
[TimeControl "180+1"]
[EndTime "15:09:07 PDT"]
[Termination "The_Machine04 won by resignation"]

1. d4 Nf6 2. Nf3 g6 3. Nbd2 d5 4. e3 Bg7 5. b4 a5 6. b5 c6 7. a4 O-O 8. c4 dxc4 9. Bxc4 cxb5 10. axb5 Nbd7 11. Ba3 Nb6 12. Be2 Bf5 13. O-O Re8 14.
Rc1 Rc8 15. Ne5 Nfd5 16. Bf3 Bxe5 17. dxe5 Nc3 18. Qe1 Bd3 19. Bxb7 Rc7 20. Bc6 Bxf1 21. Nxf1 Nba4 22. Rxc3 Nxc3 23. Qxc3 Qd1 24. Qxa5 Rec8 25. Qd2 Qb3 26. Qb2 Qd1 27. h4 Rxc6 28. bxc6 Rxc6 29. Bxe7 Qd7 30. Qb8+ Rc8 31. Qd6 Qg4 32. Bf6 h5 33.
Qd4 Qe2 34. Qd7 Qc4 35. e6 Qxe6 36. Qxe6 fxe6 37. Ng3 Kf7 38. Bg5 Rc1+ 39. Kh2 e5 40. f3 Ke6 41. Ne4 Re1 42. Kg3 Kf5 43. Kf2 Rc1 44. Nd6+ Ke6 45. Ne4 Rc2+ 46. Kg3 Kf5 47. Nf2 Ke6 48. f4 exf4+ 49. Bxf4 Kf5 50. Kf3 Rc3 51.
Ne4 Rb3 52. Nd6+ Ke6 53. Ne4 Kf5 54. Ng3+ Ke6 55. Ne2 Ra3 56. Nd4+ Kd5 57. Bg5 Ke5 58.
Ne2 Kf5 59. Bf4 Rd3 60. Nd4+ Kf6 61. Ke4 Rd2 62. g3 Ra2 63. Be5+ Kf7 64. Bd6 Ra6 65. Kd5 Ra5+ 66. Bc5 Ra1 67. Nf3 Rf1 68. Ng5+ Kg7 69. e4 Rd1+ 70. Bd4+ Kh6 71. e5 Re1 72. Ne4 Rd1 73.
e6 Rb1 74. e7 Rb8 75. Nf6 Rb5+ 76. Bc5 Rb8 77. e8=Q Rxe8 78. Nxe8 g5 79. Be3 Kg6 80. Bxg5 Kf5 81. Bf4 Kg6 82. Nd6 Kf6 83. Ke4 Kg6 84. Ke5 Kg7 85. Kf5 Kh7 86. Kg5 Kg8 87. Ne4 Kg7 88. Nf2 Kh7 89. Kxh5 Kg8 90. Kg5 Kh8 91. g4 Kg7 92. h5 Kf7 93. Kf5 1-0

[Event "Late-Titled-Tuesday-Blitz-September-05-2023"]
[Site "Chess.com"]
[Date "2023.09.05"]
[Round "6"]
[White "BillieKimbah"]
[Black "frederiksvane"]
[Result "1/2-1/2"]
[WhiteElo "3045"]
[BlackElo "2942"]
[TimeControl "180+1"]
[EndTime "15:09:35 PDT"]
[Termination "Game drawn by stalemate"]

1. d4 Nf6 2. Nf3 e6 3. Bg5 d5 4. e3 h6 5. Bf4 c5 6. Nbd2 Qb6 7. Rb1 Bd6 8. dxc5 Qxc5 9. b4 Qc7 10. Bxd6 Qxd6 11.
c4 O-O 12. Be2 Nbd7 13. c5 Qc7 14. Rc1 e5 15. O-O Re8 16. Qc2 Nf8 17. Rfd1 Ng6 18. h3 Be6 19. a4 Rac8 20. Bf1 Qe7 21. Qb2 Bf5 22. Nb3 Rc7 23. b5 Nd7 24. c6 bxc6 25. Rxc6 Nf6 26. Na5 Rd7 27. Ra6 d4 28. Nc6 Qf8 29.
Rxa7 Rxa7 30. Nxa7 dxe3 31. fxe3 Qc5 32. Nc6 Qxe3+ 33.
Qf2 Qb3 34. Re1 Ne4 35. Nd2 Nxd2 36. Qxd2 Qxa4 37. Qb4 Qc2 38. Qc4 Qd2 39. Re2 Qd6 40.
Rf2 Be6 41. Qc3 Bd5 42. Rd2 Qe6 43. Nb4 Rc8 44. Qe3 Bb7 45. Nd3 Qe7 46. Nf2 Nf4 47. Ng4 f6 48. Kh2 h5 49. Nf2 Kh8 50. Ne4 Bd5 51. Ng3 Qe6 52. Ne2 Nxe2 53. Bxe2 h4 54. Qf2 g5 55. Qe3 Kg7 56. Bg4 f5 57. Qxg5+ Qg6 58. Qxf5 Qxf5 59. Bxf5 Rc5 60. b6 Kf6 61. Bd7 Ke7 62. Bg4 Rb5 63. b7 Bxb7 64. Rd7+ Kf6 65.
Rd2 Rb4 66. Rf2+ Rf4 67. Rb2 Bd5 68. Rb6+ Ke7 69. Rb2 Kd6 70. Kg1 Rd4 71. Bf3 e4 72. Be2 e3 73. Rc2 Ke5 74. Rc8 Rd2 75. Re8+ Kd4 76.
Kf1 Rc2 77. Ke1 Rc1+ 78. Bd1 Bxg2 79. Ke2 Bf1+ 80. Kxf1 Rxd1+ 81. Ke2 Rd2+ 82. Ke1 Rh2 83. Rd8+ Ke4 84. Re8+ Kf3 85. Rf8+ Ke4 86. Re8+ Kf4 87. Rf8+ Kg5 88. Rg8+ Kf5 89. Rf8+ Kg6 90. Rf3 Kg5 91.
Rxe3 Rg2 92. Rb3 Rg3 93. Rxg3+ hxg3 94. Kf1 Kh5 95. Kg1 Kg5 96. Kh1 Kf4 97. Kg2 Kf5 98. Kxg3 Kg6 99. Kg4 Kh7 100. h4 Kh8 101. h5 Kg8 102.
Kg5 Kh8 103. h6 Kg8 104. Kg6 Kh8 105. h7 1/2-1/2

[Event "Late-Titled-Tuesday-Blitz-September-05-2023"]
[Site "Chess.com"]
[Date "2023.09.05"]
[Round "6"]
[White "SalihEke"]
[Black "GoltsevDmitry2000"]
[Result "1-0"]
[WhiteElo "2528"]
[BlackElo "2645"]
[TimeControl "180+1"]
[EndTime "15:10:22 PDT"]
[Termination "SalihEke won by checkmate"]

1. d4 e6 2. c3 c5 3. Nf3 Nf6 4.
Bf4 b6 5. Nbd2 Bb7 6. e3 Be7 7. Bd3 Nh5 8. Bg3 h6 9. O-O Nxg3 10. hxg3 O-O 11. Qe2 d5 12. Rfd1 Nc6 13. Ba6 Bxa6 14.
Qxa6 Qc8 15. Qxc8 Rfxc8 16. Kf1 Rab8 17. Rac1 b5 18. Ke2 a5 19. dxc5 Bxc5 20. e4 b4 21. exd5 exd5 22. c4 dxc4 23. Rxc4 Bb6 24. Rdc1 Re8+ 25.
Kf1 Ne7 26. a3 Nd5 27. Ne4 Ba7 28. Nc5 bxa3 29. bxa3 Rb2 30. Rd1 a4 31. Rcc1 Nf6 32.
Rd2 Rxd2 33. Nxd2 Rc8 34. Nd3 Rd8 35. Ke2 Ng4 36. f3 Ne3 37. Ne4 Nxg2 38. Rc7 Bd4 39. Rb7 Ne3 40. Nb4 Nc4 41. Nc6 Rc8 42. Nxd4 Nxa3 43. Ra7 Nc4 44. Rxa4 Ne5 45. Ra2 Re8 46. Kf2 Ng6 47. Kg2 Rd8 48. Ne2 Ne7 49. Nf4 Nf5 50.
Rd2 Ra8 51. g4 Nh4+ 52. Kg3 g5 53. Nf6+ Kg7 54. N4h5+ Kg6 55. Rd6 Ra2 56. Ne4+ Kh7 57. Nef6+ Kg6 58. Ne4+ Kh7 59. Rd2 Ra3 60. Rf2 Ra1 61.
Nhf6+ Kg6 62. Kh2 Ra6 63. Nd5 Re6 64. Ndc3 Re5 65. Kg3 Ra5 66. Ra2 Re5 67. Ra6+ Kg7 68. Rb6 Re7 69. Kf2 Ra7 70. Nf6 Ra3 71. Nh5+ Kf8 72.
Rc6 Ke7 73. Nd5+ Kd7 74. Rc3 Ra5 75. Ndf6+ Ke6 76. Ne4 Ra2+ 77. Ke3 Ng2+ 78. Kd4 Nf4 79. Nxf4+ gxf4 80. Rc6+ Kd7 81. Rxh6 Ra3 82. Ke5 Rxf3 83. Rf6 Ke7 84. Rxf4 Ra3 85. Rf1 Ra5+ 86. Kf4 Kf8 87. Rc1 Kg7 88. Rc6 Ra1 89. g5 Rf1+ 90. Ke5 Rg1 91.
Rc7 Kg6 92. Rc6+ Kg7 93. Rc2 Rf1 94. Rg2 Kg6 95. Ra2 Rf5+ 96. Kd4 Rf4 97. Ke3 Rg4 98. Ra6+ Kg7 99. Rd6 Rh4 100. Kf3 Rh3+ 101. Kg4 Rh1 102. Ng3 Ra1 103. Nh5+ Kh7 104. Rh6+ Kg8 105. Nf6+ Kg7 106. Rh7+ Kg6 107. Rh6+ Kg7 108. Nh5+ Kf8 109. Rh8+ Ke7 110. Nf6 Rg1+ 111. Kf5 Rf1+ 112. Ke5 Rg1 113. Re8# 1-0

[Event "Late-Titled-Tuesday-Blitz-September-05-2023"]
[Site "Chess.com"]
[Date "2023.09.05"]
[Round "7"]
[White "MKlose11"]
[Black "Francisco_Ferrari"]
[Result "1-0"]
[WhiteElo "2639"]
[BlackElo "2173"]
[TimeControl "180+1"]
[EndTime "15:12:01 PDT"]
[Termination "MKlose11 won by resignation"]

1. e4 c5 2. Nc3 a6 3. g3 b5 4. Bg2 Bb7 5. d3 e6 6. Nh3 Nc6 7. O-O Nf6 8. f4 d6 9. f5 Be7 10.
fxe6 fxe6 11. Ng5 Bc8 12. e5 Nd5 13. Nf7 1-0

[Event "Late-Titled-Tuesday-Blitz-September-05-2023"]
[Site "Chess.com"]
[Date "2023.09.05"]
[Round "7"]
[White "komogro"]
[Black "DenizSeyhanoglu1"]
[Result "1-0"]
[WhiteElo "2513"]
[BlackElo "2328"]
[TimeControl "180+1"]
[EndTime "15:12:21 PDT"]
[Termination "komogro won by resignation"]

1. e4 d5 2. exd5 Qxd5 3. Nc3 Qa5 4. Bc4 Nf6 5. Nge2 Bf5 6. d3 c6 7. O-O e6 8. Bf4 Qd8 9. h3 Bd6 10. Re1 O-O 11. a3 Qc7 12. Bxd6 Qxd6 13. Ng3 Bg6 14.
Nge4 Nxe4 15. dxe4 Qc7 16. h4 h5 17. Qf3 Nd7 18.
Rad1 Ne5 19. Qg3 Nxc4 20. Qxc7 1-0

[Event "Late-Titled-Tuesday-Blitz-September-05-2023"]
[Site "Chess.com"]
[Date "2023.09.05"]
[Round "7"]
[White "DeTimmerman"]
[Black "venturov"]
[Result "1-0"]
[WhiteElo "2680"]
[BlackElo "2460"]
[TimeControl "180+1"]
[EndTime "15:12:23 PDT"]
[Termination "DeTimmerman won by resignation"]

1. b4 e5 2. Bb2 d6 3. b5 g6 4. c4 Bg7 5. a4 f5 6. e3 Nf6 7. Nf3 Nbd7 8. Be2 e4 9. Nd4 Ne5 10. O-O O-O 11. f4 exf3 12. Nxf3 Qe7 13. Nxe5 dxe5 14. Ba3 Qe6 15. Bxf8 Bxf8 16. Nc3 e4 17.
Qc2 Bd7 18. Nd5 Re8 19. Nxc7 Qe5 20. Nxe8 Bxe8 21. Qc3 Qe6 22. c5 Nd7 23. Bc4 1-0

[Event "Late-Titled-Tuesday-Blitz-September-05-2023"]
[Site "Chess.com"]
[Date "2023.09.05"]
[Round "7"]
[White "YEIKO2017"]
[Black "Doudou2015"]
[Result "1-0"]
[WhiteElo "2427"]
[BlackElo "2201"]
[TimeControl "180+1"]
[EndTime "15:12:35 PDT"]
[Termination "YEIKO2017 won by resignation"]

1. e4 c5 2. Nf3 Nc6 3. Bb5 e5 4. c3 d6 5. d4 exd4 6. cxd4 Bd7 7. Nc3 Nxd4 8. Nxd4 cxd4 9. Bxd7+ Qxd7 10. Qxd4 Nf6 11. O-O Be7 12. Bg5 Ng4 13. Qxg7 O-O-O 14. Bxe7 Qxe7 15.
Qxg4+ 1-0

[Event "Late-Titled-Tuesday-Blitz-September-05-2023"]
[Site "Chess.com"]
[Date "2023.09.05"]
[Round "7"]
[White "CraiggoryC"]
[Black "jorquerino"]
[Result "0-1"]
[WhiteElo "2227"]
[BlackElo "2342"]
[TimeControl "180+1"]
[EndTime "15:13:07 PDT"]
[Termination "jorquerino won by resignation"]

1. e4 d5 2. exd5 Nf6 3. Bb5+ Bd7 4. Be2 Nxd5 5. d4 Bf5 6. Nf3 e6 7. O-O Be7 8. c4 Nb6 9. b3 O-O 10. Ba3 Nc6 11. Bxe7 Qxe7 12. Nc3 Rfd8 13. Re1 Qf6 14. Nb5 Rd7 15. d5 exd5 16. Nfd4 dxc4 0-1

[Event "Late-Titled-Tuesday-Blitz-September-05-2023"]
[Site "Chess.com"]
[Date "2023.09.05"]
[Round "7"]
[White "Taran2004"]
[Black "reevecanada"]
[Result "1-0"]
[WhiteElo "2415"]
[BlackElo "2531"]
[TimeControl "180+1"]
[EndTime "15:13:25 PDT"]
[Termination "Taran2004 won by checkmate"]

1. e4 c5 2. Nf3 d6 3. d4 cxd4 4.
Qxd4 Nc6 5. Bb5 Bd7 6. Bxc6 Bxc6 7. c4 e6 8. Nc3 Nf6 9. O-O Be7 10. h3 O-O 11. Be3 Nd7 12. b3 Qc7 13. Rac1 a6 14.
Rfd1 Ne5 15. Ne1 Rfd8 16. f4 Nd7 17. Nf3 Nc5 18. b4 Nd7 19. Qd3 b6 20. Nd5 exd5 21. cxd5 Nc5 22. bxc5 dxc5 23. Qe2 Bb5 24. Qf2 Qb7 25.
Bd2 Bf8 26. Bc3 g6 27. Qh4 Re8 28. Qf6 Bg7 29. Qxg7# 1-0

[Event "Late-Titled-Tuesday-Blitz-September-05-2023"]
[Site "Chess.com"]
[Date "2023.09.05"]
[Round "7"]
[White "wanyaland"]
[Black "The_Straightforward_Rook"]
[Result "1-0"]
[WhiteElo "2305"]
[BlackElo "2490"]
[TimeControl "180+1"]
[EndTime "15:13:37 PDT"]
[Termination "wanyaland won by resignation"]

1. d4 Nf6 2. c4 e6 3. g3 Bb4+ 4. Bd2 a5 5. Bg2 O-O 6. Nc3 d5 7. cxd5 exd5 8. Nf3 Re8 9. O-O c6 10. a3 Bd6 11. e3 Nbd7 12. Qc2 Nf8 13. Rfd1 g6 14. Ne5 Bxe5 15. dxe5 Rxe5 16. Ne2 Bf5 17. Qc1 Ne4 18. Be1 Re8 19. b3 h5 20. f3 Nd6 21. Bc3 Rxe3 22. Qxe3 Nb5 23. Bb2 Qd7 24.
Qe5 d4 25. Nxd4 Nxd4 26. Bxd4 1-0